 Dungeon Crawl Stone Soup version 0.30.0-30-g96aa6591b8 (webtiles) character file.

Game seed: 15409266545862191952

705 Fodor the Slasher (level 7, -2/61 HPs)
             Began as a Minotaur Fighter on June 28, 2023.
             Was an Initiate of Gozag.
             Slain by a mummy (14 damage)
             ... in an ossuary.
             The game lasted 00:14:04 (3489 turns).

Fodor the Slasher (Minotaur Fighter)                Turns: 3489, Time: 00:14:04

Health: -2/61      AC: 11    Str: 23    XL:     7   Next: 39%
Magic:  6/6        EV:  8    Int:  5    God:    Gozag
Gold:   264        SH:  5    Dex:  9    Spells: 6/6 levels left

rFire   . . .        a - +0 long sword
rCold   . . .        c - +0 buckler
rNeg    . . .        t - +0 chain mail
rPois   .            (helmet restricted)
rElec   .            u - +0 cloak
rCorr   .            (no gloves)
SInv    .            (no boots)
Will    .....        (no amulet) Stlth
                     (no ring)
HPRegen 0.30/turn    (no ring)
MPRegen 0.10/turn

%: no passive effects
@: gold aura
A: horns 2, retaliatory headbutt
a: Renounce Religion, Potion Petition, Call Merchant, Bribe Branch


You were in an ossuary.
You worshipped Gozag.
Gozag was aware of your devotion.
You visited 1 branch of the dungeon, and saw 4 of its levels.
You also visited: Ossuary.

You collected 375 gold pieces.
You spent 60 gold pieces at shops.
You paid 51 gold pieces to Gozag.

Inventory:

Hand Weapons
 a - a +0 long sword (weapon)
 h - a +1 whip of flaming
Missiles
 p - 3 poisoned darts (quivered)
 q - a throwing net
Armour
 c - a +0 buckler (worn)
 t - a +0 chain mail (worn)
 u - a +0 cloak (worn)
Scrolls
 b - a scroll of vulnerability {unknown}
 f - a scroll of enchant weapon {unknown}
 g - 2 scrolls of noise {unknown}
 i - 6 scrolls of poison
 o - a scroll of amnesia {unknown}
 r - a scroll of teleportation {unknown}
 s - 5 scrolls of identify
Potions
 d - a potion of might
 e - a potion of heal wounds {unknown}
 j - 2 potions of curing
 k - a potion of magic {unknown}
 l - 3 potions of haste {unknown}
 m - a potion of mutation {unknown}
 n - 3 potions of attraction {unknown}
 v - a potion of berserk rage {unknown}
 w - a potion of degeneration {unknown}


   Skills:
 + Level 5.0 Fighting
 + Level 6.4 Long Blades
 + Level 0.3 Throwing
 + Level 6.1 Armour
 + Level 1.4 Dodging
 + Level 0.4 Stealth
 + Level 5.4 Shields


You had 6 spell levels left.
You didn't know any spells.
Your spell library contained the following spells:

 Spells                   Type           Power      Damage    Failure   Level
 Cigotuvi's Dreadful Rot  Necr/Pois/Air  0%         N/A       99%         2
 Dazzling Flash           Conj/Hex       0%         N/A       100%        3
 Ignite Poison            Fire/Tmut/Pois 0%         N/A       100%        3
 Volatile Blastmotes      Fire/Tloc      0%         2d10      100%        3
 Iskenderun's Mystic Bla  Conj/Tloc      0%         2d3       100%        4
 Leda's Liquefaction      Hex/Erth       0%         N/A       100%        4
 Freezing Cloud           Conj/Ice/Air   0%         6-21      100%        5
 Lee's Rapid Deconstruct  Erth           0%         3d4*      100%        5
 Starburst                Conj/Fire      0%         6d3       100%        6
 Statue Form              Tmut/Erth      0%         N/A       100%        6


Dungeon Overview and Level Annotations

Branches:
Dungeon (4/15)            Ossuary (1/1)
 Temple: D:4-7

Altars:
Gozag
Hepliaklqana

Shops:
D:4 ?


Innate Abilities, Weirdness & Mutations

You have a pair of horns on your head.
You reflexively headbutt those who attack you in melee.


Message History

You hit the mummy.
The mummy is heavily damaged.
The orc zombie closely misses you. You block the mummy's attack.
You hit the mummy.
You headbutt the mummy, but do no damage.
The mummy is heavily damaged.
The mummy hits you! You block the kobold zombie's attack.
An orc zombie comes into view.
You barely miss the mummy.
The mummy is heavily damaged.
The mummy hits you! x2
* * * LOW HITPOINT WARNING * * *
You hit the mummy.
The mummy is moderately damaged.
The mummy hits you.
* * * LOW HITPOINT WARNING * * *
You hit the mummy.
The mummy is heavily damaged.
The mummy hits you.
* * * LOW HITPOINT WARNING * * *
The mummy closely misses you.
Unknown command.
It was a potion of curing.
You feel better. The mummy closely misses you. You furiously retaliate!
You headbutt the mummy! The mummy hits you.
* * * LOW HITPOINT WARNING * * *
You block the mummy's attack. The mummy hits you.
* * * LOW HITPOINT WARNING * * *
You feel better.
You hit the mummy but do no damage. You headbutt the mummy!
You destroy the mummy!
The mummy hits you!
* * * LOW HITPOINT WARNING * * *
The mummy hits you!
* * * LOW HITPOINT WARNING * * *
You block the mummy's attack.
You feel better.
The kobold zombie hits you but does no damage.
The mummy hits you!
You die...
Your body crumbles into a pile of gold.

..##....##....
..............
..............
............
#........#
#...ZZ.#
#.ZMM# #.ZZ@#
$ #$.M.# $ $
#.$..# $ $$
#$...# $$ $
#....# $ $$
#....# $$ $
#....# $ $
#.∩∩.# $
######


You could see 3 mummies, a hobgoblin zombie, 2 kobold zombies and 2 orc zombies.

Vanquished Creatures
  Grinder (D:4)
  A black bear (D:4)
  The ghost of turdburglar the Insei, an amateur MfTm (D:3)
  A scorpion (D:4)
  A hound (D:4)
  A sleepcap (D:3)
  4 orc wizards
  A mummy (Ossuary)
  5 adders
  A worm (D:3)
  2 dart slugs
  11 orcs
  7 ball pythons
  4 endoplasms
  3 giant cockroaches
  8 goblins
  8 hobgoblins
  7 jackals (D:4)
  A quokka (D:4)
  A bat (D:2)
  5 frilled lizards
  2 hobgoblin zombies (Ossuary)
  A kobold (D:1)
  An orc zombie (Ossuary)
  7 rats
85 creatures vanquished.

Notes
Turn   | Place    | Note
-------+----------+-------------------------------------------
     0 | D:1      | Fodor the Minotaur Fighter began the quest for the Orb.
     0 | D:1      | Reached XP level 1. HP: 19/19 MP: 0/0
   171 | D:1      | Reached XP level 2. HP: 27/27 MP: 1/1
  1191 | D:2      | Reached XP level 3. HP: 33/33 MP: 2/2
  1843 | D:3      | Found a runed translucent gate.
  1843 | D:3      | Found a runed translucent gate.
  1843 | D:3      | Found an opulent altar of Gozag.
  1843 | D:3      | Found a runed translucent gate.
  1844 | D:3      | Noticed turdburglar's ghost (amateur MfTm)
  2020 | D:3      | Found a hazy altar of Hepliaklqana.
  2274 | D:3      | Reached XP level 4. HP: 38/40 MP: 3/3
  2860 | D:3      | Killed turdburglar's ghost
  2861 | D:3      | Reached skill level 5 in Armour
  2861 | D:3      | Reached XP level 5. HP: 42/47 MP: 4/4
  2898 | D:3      | Became a worshipper of Gozag Ym Sagoz the Greedy
  2992 | D:4      | Found Etofippo's Magic Scroll Emporium.
  3000 | D:4      | Bought a scroll of identify for 20 gold pieces
  3000 | D:4      | Bought a scroll of identify for 20 gold pieces
  3000 | D:4      | Bought a scroll of identify for 20 gold pieces
  3033 | D:4      | Reached XP level 6. HP: 51/53 MP: 5/5
  3053 | D:4      | Reached skill level 5 in Long Blades
  3182 | D:4      | Found an opulent altar of Gozag.
  3308 | D:4      | Reached skill level 5 in Shields
  3330 | D:4      | Reached skill level 1 in Dodging
  3407 | D:4      | Noticed Grinder
  3420 | D:4      | Killed Grinder
  3421 | D:4      | Reached skill level 5 in Fighting
  3421 | D:4      | Reached XP level 7. HP: 27/61 MP: 6/6
  3441 | D:4      | Found a sand-covered staircase.
  3455 | Ossuary  | Entered an ossuary
  3489 | Ossuary  | Slain by a mummy

Illustrated notes

Levels and vault maps discovered:
D:1:      lemuel_arrival_behind_the_door_small, layout_basic,
          minmay_tree_intersection, minmay_tall_x
D:2:      layout_basic
D:3:      layout_loops_ring, general_overflow_altar, ebering_ghost_gozag
D:4:      layout_cave_pods, mainiacjoe_overflow_concentric_impassable,
          serial_shops, nicolae_shop_trees, nicolae_ossuary_entry_monument,
          minmay_misc_feat_enclosed, uniq_grinder
Ossuary:  ossuary_tomb_3

Skill      XL: |  1  2  3  4  5  6 |
---------------+-------------------+-----
Fighting       | 4 5 |  5.0
Armour         | 4 5 6 |  6.1
Shields        | 4 5 |  5.4
Long Blades    | 3 4 6 |  6.4
Dodging        | 1 |  1.4
Throwing       | |  0.3
Stealth        | |  0.4

Action                     |  1- 3 |  4- 6 |  7- 9 || total
---------------------------+-------+-------+-------++-------
  Melee: Long sword        |    95 |   131 |    11 ||   237
         Headbutt          |    12 |    24 |     4 ||    40
  Throw: Dart              |       |     3 |       ||     3
         Throwing net      |       |     1 |       ||     1
    Use: Scroll            |       |     1 |       ||     1
         Potion            |       |       |     3 ||     3
 Armour: Scale mail        |    41 |       |       ||    41
         Chain mail        |    16 |   115 |     3 ||   134
  Dodge: Dodged            |    26 |    60 |     8 ||    94
  Block: Buckler           |    23 |    43 |     5 ||    71
